 Dungeon Crawl Stone Soup version 0.22-a0-284-g99d1f74 (webtiles) character file.

2596 Serpenta the Slicer (level 9, -1/56 HPs)
             Began as an Octopode Chaos Knight on Mar 20, 2018.
             Slain by a harpy (12 damage)
             ... on level 9 of the Dungeon.
             The game lasted 00:21:42 (10706 turns).

Serpenta the Slicer (Octopode Chaos Knight)        Turns: 10706, Time: 00:21:43

Health: -1/56      AC:  5    Str: 11    XL:     9   Next: 59%
Magic:  12/12      EV: 12    Int: 15    God:    Xom [*.....]
Gold:   439        SH:  9    Dex: 14    Spells: 6/8 levels left

rFire    . . .     SeeInvis .   t - +0 rapier
rCold    . . .     Gourm    .   l - +0 shield
rNeg     . . .     Faith    .   (helmet restricted)
rPois    .         Spirit   .   s - amulet of magic regeneration
rElec    .         Reflect  .   i - +1 ring of protection
rCorr    .         Harm     .   (no ring)
MR       .....                  (no ring)
Stlth    ++++......             (no ring)
HPRegen  0.18/turn              (no ring)
MPRegen  0.38/turn              (no ring)
                                (no ring)
                                (no ring)

@: no status effects
A: almost no armour, stealthy swim, amphibious, 8 rings, constrict 8, tentacle
spike 1, slimy green scales 1, camouflage 1, blurry vision 1, shaggy fur 1,
gelatinous body 1
a: Renounce Religion


You were on level 9 of the Dungeon.
You worshipped Xom.
You were a special plaything of Xom.
You were not hungry.

You visited 2 branches of the dungeon, and saw 10 of its levels.
You also visited: Ossuary.

You collected 439 gold pieces.


Innate Abilities, Weirdness & Mutations

You cannot wear most types of armour.
You are very stealthy in the water. (Stealth+)
You are amphibious.
You can wear up to eight rings at the same time.
You can use your tentacles to constrict eight enemies at once.
Your skin changes colour to match your surroundings (Stealth+).
Your rubbery body absorbs attacks. (AC +1, EV +1)
One of your tentacles bears a spike.
You are partially covered in slimy green scales. (AC +2)
Scrolls take you a little longer to read.
You are covered in fur. (AC +1)


   Skills:
 - Level 3.0 Fighting
 * Level 9.4 Short Blades
 - Level 2.3 Dodging
 - Level 5.0 Stealth
 + Level 6.4 Shields
 * Level 5.2 Evocations


You had 6 spell levels left.
You knew the following spells:

 Your Spells              Type           Power        Failure   Level  Hunger
b - Blink                 Tloc           N/A          77%         2    ###....

Action                   |  1- 3 |  4- 6 |  7- 9 || total
-------------------------+-------+-------+-------++-------
Melee: Short sword       |    68 |    58 |    15 ||   141
       Constrict         |    21 |    21 |    67 ||   109
       Tentacles         |    12 |    22 |    63 ||    97
       Rapier            |       |    34 |   316 ||   350
       Kick              |       |       |    42 ||    42
Evoke: Wand              |       |       |     4 ||     4
  Use: Scroll            |       |     1 |     9 ||    10
       Potion            |       |       |     1 ||     1
 Stab: Sleeping          |     2 |     1 |    16 ||    19
       Petrified         |       |     1 |     2 ||     3
       Paralysed         |       |     2 |       ||     2
       Distracted        |       |     1 |     2 ||     3
  Eat: Chunk             |     5 |     8 |     7 ||    20
       Ration            |       |       |     3 ||     3
Armor: Skin              |     9 |    13 |    32 ||    54
Dodge: Dodged            |    30 |    35 |   102 ||   167
Block: Shield            |     2 |    38 |   113 ||   153

Inventory:

Hand Weapons
 a - a +0 short sword of chaos
 n - a +5 falchion
 t - a +0 rapier (weapon)
Missiles
 B - 2 throwing nets (quivered)
Armour
 l - a +0 shield (worn)
 D - a +0 large shield
Jewellery
 i - a +1 ring of protection (left tentacle)
 q - an uncursed ring of fire
 s - an amulet of magic regeneration (around mantle)
Wands
 w - a wand of acid (5)
 F - a wand of iceblast (12)
Scrolls
 e - 3 scrolls of remove curse
 g - a scroll of fog {unknown}
 h - a scroll of fear {unknown}
 k - 2 scrolls of blinking
 x - a scroll of teleportation
 y - a scroll of summoning {unknown}
 A - a scroll of enchant weapon {unknown}
 C - a scroll of immolation {unknown}
Potions
 c - 4 potions of resistance
 d - a potion of ambrosia
 f - 4 potions of lignification
 j - 3 potions of heal wounds
 m - 2 potions of curing
 o - a potion of might {unknown}
 p - 2 potions of flight {unknown}
 r - 3 potions of degeneration {unknown}
 u - 3 potions of brilliance {unknown}
 v - 2 potions of invisibility {unknown}
 z - a potion of berserk rage {unknown}
Comestibles
 b - 7 rations

#######.#.##
...........#
#######.####
#.......# ##.###..#
#.# #..# #.# #..#
#.###..## #.#H@...#
#####.#######.#.##.##
.>.#.........#.##.#
###.########..#.##.#
..............#.##.#
..#.#.........#.##.#
#.#.#.#####..##.##.#
....#)#.......#.##.#
....#Y##..#..##.##.##


You could see a harpy.

Vanquished Creatures
  A hippogriff (D:8)
  A yak (D:8)
  An orc warrior (D:8)
  A slave (D:3)
  A black bear (D:3)
  A hornet zombie (D:9)
  A necrophage (D:8)
  3 ogres
  3 centaurs
  A big kobold (D:8)
  3 bullfrogs
  A water moccasin zombie (Ossuary)
  A scorpion (D:6)
  3 howler monkeys (D:8)
  A jelly (D:8)
  2 crimson imps
  A bullfrog zombie (D:8)
  2 hounds
  A quasit (D:8)
  An orc priest (D:4)
  A centaur skeleton (D:4)
  2 iguanas
  5 orc wizards
  3 worker ants
  A hound zombie (D:8)
  2 hound skeletons
  2 mummies (Ossuary)
  8 adders
  3 gnolls (D:6)
  An ooze (D:6)
  5 adder zombies
  2 adder skeletons
  3 worms
  A dart slug (D:1)
  3 leopard geckos
  21 orcs
  3 ball pythons
  A giant cockroach (D:4)
  7 goblins
  2 hobgoblins
  4 jackals (D:6)
  4 quokkas
  8 bats
  4 frilled lizards
  5 gnoll zombies (Ossuary)
  7 hobgoblin zombies (Ossuary)
  12 kobolds
  4 kobold zombies (Ossuary)
  3 leopard gecko skeletons
  6 orc zombies (Ossuary)
  7 rats
170 creatures vanquished.

Vanquished Creatures (collateral kills)
  2 ogres
  A worker ant (D:4)
  A hound skeleton (D:4)
  4 gnolls (D:3)
  2 orcs (D:3)
  2 kobolds
  A rat (D:3)
13 creatures vanquished.

Vanquished Creatures (others)
  A slave (D:4)
  An orc wizard (D:4)
  An orc (D:4)
  A quokka (D:3)
  A plant (D:9)
5 creatures vanquished.

Grand Total: 188 creatures vanquished

Vault maps used:
D:1:      evilmike_arrival_hilbert_curve
D:2:      gammafunk_temple_overflow_wave, minmay_misc_feat_room,
          nicolae_ru_the_path_less_chosen
D:3:      overflow_temple_1_default
D:4:      minmay_temple_entry_grid, hex_medium, uniq_pikel
D:5:      enter_ossuary_5, first_ration, roderic_roman_lattice,
          lightli_church_of_beogh, uniq_duvessa
D:7:      lemuel_crystal_altar, serial_shops, shop
D:9:      hangedman_ranch
Temple:   compressed_dpeg_circular_temple
Ossuary:  ossuary_tomb_2


Message History

The harpy struggles to escape constriction.
You are too injured to fight recklessly!
You are too injured to fight recklessly!
You hit the harpy.
The harpy is heavily wounded.
You constrict the harpy, but do no damage.
You block the harpy's attack. The harpy claws you.
You block the harpy's attack. The harpy closely misses you.
You hit the harpy.
You pierce the harpy.
The harpy is heavily wounded.
You constrict the harpy. The harpy claws you. The harpy claws you!
You hit the harpy but do no damage. You squeeze the harpy.
The harpy is heavily wounded.
You constrict the harpy. The harpy claws you. The harpy closely misses you.
You puncture the harpy!
The harpy is almost dead.
You constrict the harpy. The harpy claws you!
* * * LOW HITPOINT WARNING * * *
The harpy claws you!
You die...

Notes
Turn   | Place    | Note
-------+----------+-------------------------------------------
     0 | D:1      | Serpenta the Octopode Chaos Knight began the quest for the Orb.
     0 | D:1      | Reached XP level 1. HP: 16/16 MP: 1/1
   221 | D:1      | XOM: butterfly on damage
   221 | D:1      | XOM: smoke on damage
   341 | D:1      | Reached XP level 2. HP: 18/21 MP: 2/2
   403 | D:1      | XOM: cloud trail
   846 | D:1      | XOM: god gift: 18 gold pieces {god gift}
  1145 | D:2      | Reached skill level 4 in Short Blades
  1145 | D:2      | Reached XP level 3. HP: 10/26 MP: 3/3
  1607 | D:2      | XOM: medium Erth miscast
  1838 | D:2      | XOM: mild Necr miscast
  1912 | D:2      | Found a sacrificial altar of Ru.
  1912 | D:2      | Found a shattered altar of Ashenzari.
  2243 | D:2      | Found a sacrificial altar of Ru.
  2280 | D:2      | XOM is BORED!
  2406 | D:3      | XOM: 5-stop teleportation journey
  2555 | D:3      | Reached XP level 4. HP: 29/31 MP: 4/4
  2559 | D:3      | Noticed an ogre
  2579 | D:3      | XOM: fake destruction
  2621 | D:3      | XOM: summons friendly crimson imp
  2683 | D:3      | XOM: confuse monster(s)
  2686 | D:3      | XOM: 10-stop teleportation journey
  2692 | D:3      | Noticed Gildeon's ghost (weakling DgCj)
  2719 | D:3      | Reached skill level 1 in Shields
  2892 | D:3      | XOM: severe Necr miscast
  3129 | D:3      | XOM: destruction
  3167 | D:3      | XOM: harmless Ice miscast
  3191 | D:4      | Found the +2 cloak of the Thief {+Fog Slay-2 SInv Stlth+}
  3250 | D:3      | XOM: enchant monster (good)
  3257 | D:3      | Killed an ogre
  3257 | D:3      | Reached skill level 5 in Short Blades
  3257 | D:3      | Reached XP level 5. HP: 36/36 MP: 5/5
  3362 | D:3      | Found an opulent altar of Gozag.
  3470 | D:3      | XOM: enchant monster (good)
  3694 | D:4      | Noticed an ogre
  3704 | D:4      | XOM: summons 3 friendly demons
  3720 | D:4      | XOM: scenery: 1 doors open
  3720 | D:4      | Killed an ogre
  3720 | D:4      | Reached XP level 6. HP: 42/42 MP: 6/6
  3746 | D:4      | Noticed a slave
  3846 | D:4      | Found a staircase to the Ecumenical Temple.
  3863 | Temple   | Entered the Ecumenical Temple
  3915 | D:4      | XOM: summons 3 hostile shadow creatures
  3917 | D:4      | XOM: summons 6 friendly demons
  4116 | D:4      | Noticed Pikel
  4117 | D:4      | Noticed a slave
  4117 | D:4      | Noticed a slave
  4126 | D:4      | XOM: enchant monster (good)
  4129 | D:4      | XOM: confuse monster(s)
  4244 | D:3      | XOM: divination: magic mapping
  4255 | D:3      | XOM: cleaving
  4261 | D:3      | Killed a slave
  4426 | D:3      | Noticed Pikel
  4426 | D:3      | Pikel changed into Pikel the black bear
  4426 | D:3      | XOM: polymorph Pikel -> Pikel the black bear
  4428 | D:3      | XOM: enchant monster (good)
  4431 | D:3      | Killed Pikel the black bear
  4431 | D:3      | Reached skill level 6 in Short Blades
  4471 | D:3      | XOM: god gift: robe {god gift}
  4545 | D:3      | XOM: divination: detect items
  4734 | D:3      | XOM: divination: detect items
  4738 | D:4      | Noticed a freed slave
  4738 | D:4      | XOM: butterfly on damage
  4908 | D:4      | Killed a freed slave
  5001 | D:4      | Reached XP level 7. HP: 42/46 MP: 7/7
  5297 | D:4      | XOM: destruction
  5444 | D:4      | XOM: god gift: wand of scattershot (4) {god gift}
  5621 | D:5      | Entered Level 5 of the Dungeon
  5635 | D:5      | Found a sand-covered staircase.
  5639 | Ossuary  | Entered an ossuary
  5675 | Ossuary  | XOM: scenery: 1 doors open
  6197 | Ossuary  | XOM: divination: magic mapping
  6223 | D:5      | XOM is BORED!
  6223 | D:5      | XOM: stat loss: -3 Str (8/11)
  6247 | D:5      | Reached skill level 1 in Evocations
  6307 | D:5      | Learned a level 2 spell: Blink
  6607 | D:5      | XOM: summons 7 friendly demons
  6609 | D:5      | Reached XP level 8. HP: 52/52 MP: 9/9
  6633 | D:5      | Noticed Dowan
  6705 | D:5      | Found a runed door.
  6744 | D:5      | XOM: scenery: 2 doors close
  7019 | D:5      | XOM: give mutations
  7019 | D:5      | Gained mutation: Scrolls take you a little longer to read. [Xom's mischief]
  7019 | D:5      | Gained mutation: Scrolls take you longer to read. [Xom's mischief]
  7285 | D:6      | Reached skill level 7 in Short Blades
  7364 | D:6      | XOM: give mutation
  7364 | D:6      | Gained mutation: You have a pair of small antennae on your head. [Xom's grace]
  7379 | D:6      | XOM: mild Chrm miscast
  7692 | D:6      | XOM: enchant monster (bad)
  7785 | D:6      | Reached skill level 5 in Stealth
  7834 | D:7      | XOM: mild Ice miscast
  8047 | D:7      | Found Maucef's Food Boutique.
  8100 | D:7      | XOM: give mutations
  8100 | D:7      | Gained mutation: One of your tentacles bears a spike. [Xom's mischief]
  8100 | D:7      | Gained mutation: You are covered in fur. (AC +1) [Xom's mischief]
  8100 | D:7      | Lost mutation: Scrolls take you longer to read. [Xom's mischief]
  8100 | D:7      | Lost mutation: You have a pair of small antennae on your head. [Xom's mischief]
  8148 | D:7      | XOM: give mutation
  8148 | D:7      | Gained mutation: You are partially covered in slimy green scales. (AC +2) [Xom's grace]
  8218 | D:7      | Found a shadowy altar of Dithmenos.
  8221 | D:7      | XOM: 4-stop teleportation journey
  8502 | D:7      | XOM: mild Ice miscast
  8800 | D:8      | XOM: summons friendly iron imp
  8847 | D:8      | Reached skill level 5 in Shields
  8876 | D:8      | XOM: enchant monster (good)
  8897 | D:8      | XOM: harmless Fire miscast
  8898 | D:8      | Reached skill level 8 in Short Blades
  8923 | D:8      | XOM: divination: detect items
  8959 | D:8      | XOM: mild Tmut miscast
  8972 | D:8      | Reached XP level 9. HP: 49/56 MP: 12/12
  9248 | D:8      | XOM: harmless Chrm miscast
  9395 | D:8      | XOM: harmless Air miscast
  9466 | D:8      | XOM: summons friendly crimson imp
  9551 | D:8      | XOM: cast spell 'Leda's Liquefaction'
  9584 | D:8      | Reached skill level 9 in Short Blades
  9915 | D:8      | XOM: mild Hex miscast
  9933 | D:9      | XOM: stealth player
  9940 | D:9      | XOM: confuse monster(s)
  9941 | D:9      | XOM: 1-stop teleportation journey
  9959 | D:8      | XOM: mild Conj miscast
 10247 | D:9      | XOM: swap monsters
 10338 | D:9      | XOM: torment (29/56 hp)
 10347 | D:9      | Reached skill level 5 in Evocations
 10597 | D:9      | XOM: 3-stop teleportation journey
 10699 | D:9      | Noticed a harpy
 10699 | D:9      | a yak changed into a harpy
 10699 | D:9      | XOM: polymorph yak -> harpy
 10706 | D:9      | Slain by a harpy
